SAA
VIRGINIA BEACH WHALES @ IRVING BLUE SOX
08/31/2038
 
TOP OF THE 1ST
Virginia Beach Whales batting - Pitching for Irving Blue Sox : LHP Ken French
Pitching: LHP Ken French
Batting: RHB Ron Lawrence 0-0: Ball
1-0: Foul Ball, location: 2F
1-1: Foul Ball, location: 2F
1-2: Ball
2-2: Foul Ball, location: 2F
2-2: Ball
3-2: Fly out, F8 (Flyball, 8LM, EV 86.2 MPH)
Batting: RHB Eddie Neef 0-0: Ball
1-0: Ball
2-0: Called Strike
2-1: SINGLE (Flyball, 78M, EV 89.4 MPH)
Batting: LHB Keith Pick 0-0: Ball
1-0: Ball
2-0: Ball
3-0: Called Strike
3-1: Fly out, F8 (Flyball, 89D, EV 98.8 MPH)
Batting: RHB David Warren 0-0: Fly out, F9 (Flyball, 89D, EV 90.6 MPH)
Top of the 1st over - 0 runs, 1 hit, 0 errors, 1 left on base; Virginia Beach 0 - Irving 0
BOTTOM OF THE 1ST
Irving Blue Sox batting - Pitching for Virginia Beach Whales : RHP Pedro López
Pitching: RHP Pedro López
Batting: SHB Franck Kooijmans 0-0: Called Strike
0-1: Ground out 4-3 (Groundball, 34, EV 103.1 MPH)
Batting: LHB Phil Beck 0-0: Ball
1-0: Ball
2-0: Called Strike
2-1: Foul Ball, location: 2F
2-2: Foul Ball, location: 2F
2-2: Foul Ball, location: 2F
2-2: Ball
3-2: SINGLE (Line Drive, 6D, EV 102.5 MPH)
Batting: RHB Pat Kramer 0-0: Ball
1-0: Called Strike
1-1: Foul Ball, location: 2F
1-2: Fielders Choice at 2nd, 1-6 (Groundball, 34S, EV 85.0 MPH)
Batting: LHB Brenton Winston 0-0: Called Strike
0-1: Foul Ball, location: 2F
0-2: SINGLE (Line Drive, 78S, EV 90.6 MPH)
Pat Kramer to second
Batting: LHB Nikolai Volkoff 0-0: Foul Ball, location: 2F
0-1: Swinging Strike
0-2: Strikes out looking
Bottom of the 1st over - 0 runs, 2 hits, 0 errors, 2 left on base; Virginia Beach 0 - Irving 0
TOP OF THE 2ND
Virginia Beach Whales batting - Pitching for Irving Blue Sox : LHP Ken French
Batting: RHB Sergio San Martín 0-0: Fly out, F9 (Flyball, 89S, EV 90.0 MPH)
Batting: SHB Xavier Mercier 0-0: Ball
1-0: Ground out 5-3 (Groundball, 5, EV 110.0 MPH)
Batting: RHB Dave Thomas 0-0: Ball
1-0: Ball
2-0: Fly out, F8 (Flyball, 8RM, EV 78.1 MPH)
Top of the 2nd over - 0 runs, 0 hits, 0 errors, 0 left on base; Virginia Beach 0 - Irving 0
BOTTOM OF THE 2ND
Irving Blue Sox batting - Pitching for Virginia Beach Whales : RHP Pedro López
Batting: RHB Juan Perales 0-0: Ball
1-0: Swinging Strike
1-1: Ball
2-1: Fly out, F8 (Flyball, 8RD, EV 98.8 MPH)
Batting: LHB António Escobeda 0-0: SINGLE (Line Drive, 56D, EV 104.4 MPH)
Batting: RHB Richard Theunen 0-0: Ball
1-0: Fly out, F7 (Flyball, 78XD, EV 106.9 MPH)
Batting: RHB Stu Taylor 0-0: Swinging Strike
0-1: Ball
1-1: Swinging Strike
1-2: Foul Ball, location: 2F
1-2: Foul Ball, location: 2F
1-2: Ball
2-2: Strikes out swinging
Bottom of the 2nd over - 0 runs, 1 hit, 0 errors, 1 left on base; Virginia Beach 0 - Irving 0
TOP OF THE 3RD
Virginia Beach Whales batting - Pitching for Irving Blue Sox : LHP Ken French
Batting: RHB Jamal Grant 0-0: Ball
1-0: SINGLE (Groundball, 56D, EV 105.0 MPH)
Batting: RHB Christian Patriarche 0-0: Called Strike
0-1: Called Strike
0-2: Ball
1-2: Grounds into double play, 5-4-3 (Groundball, 5L, EV 88.1 MPH)
Batting: RHB Ron Lawrence 0-0: Ball
1-0: Ground out 4-3 (Groundball, 4, EV 82.5 MPH)
Top of the 3rd over - 0 runs, 1 hit, 0 errors, 0 left on base; Virginia Beach 0 - Irving 0
BOTTOM OF THE 3RD
Irving Blue Sox batting - Pitching for Virginia Beach Whales : RHP Pedro López
Batting: SHB Franck Kooijmans 0-0: Swinging Strike
0-1: Ground out U3 (Groundball, 3S, EV 86.9 MPH)
Batting: LHB Phil Beck 0-0: Called Strike
0-1: Foul Ball, location: 2F
0-2: Ball
1-2: Strikes out looking
Batting: RHB Pat Kramer 0-0: Swinging Strike
0-1: Ball
1-1: Foul Ball, location: 2F
1-2: Strikes out looking
Bottom of the 3rd over - 0 runs, 0 hits, 0 errors, 0 left on base; Virginia Beach 0 - Irving 0
TOP OF THE 4TH
Virginia Beach Whales batting - Pitching for Irving Blue Sox : LHP Ken French
Batting: RHB Eddie Neef 0-0: Swinging Strike
0-1: Ball
1-1: Foul Ball, location: 2F
1-2: Ball
2-2: Fly out, F2 (Popup, 23F, EV 95.0 MPH)
Batting: LHB Keith Pick 0-0: Foul Ball, location: 2F
0-1: Ball
1-1: Foul Ball, location: 2F
1-2: Ball
2-2: Fly out, F7 (Line Drive, 7, EV 87.5 MPH)
Batting: RHB David Warren 0-0: Ground out 5-3 (Groundball, 5D, EV 83.8 MPH)
Top of the 4th over - 0 runs, 0 hits, 0 errors, 0 left on base; Virginia Beach 0 - Irving 0
BOTTOM OF THE 4TH
Irving Blue Sox batting - Pitching for Virginia Beach Whales : RHP Pedro López
Batting: LHB Brenton Winston 0-0: Ball
1-0: Foul Ball, location: 2F
1-1: Reached on error, E4 (Groundball, 4, EV 80.6 MPH)
Batting: LHB Nikolai Volkoff 0-0: Called Strike
0-1: Called Strike
0-2: Strikes out swinging
Batting: RHB Juan Perales 0-0: Ball
1-0: Foul Ball, location: 2F
1-1: Ball
2-1: Fly out, F7 (Flyball, 7, EV 90.0 MPH)
Batting: LHB António Escobeda 0-0: Foul Ball, location: 2F
0-1: Foul Ball, location: 2F
0-2: Fly out, F5 (Popup, 25F, EV 82.5 MPH)
Bottom of the 4th over - 0 runs, 0 hits, 1 error, 1 left on base; Virginia Beach 0 - Irving 0
TOP OF THE 5TH
Virginia Beach Whales batting - Pitching for Irving Blue Sox : LHP Ken French
Batting: RHB Sergio San Martín 0-0: Ball
1-0: SINGLE (Flyball, 9LS, EV 93.8 MPH)
Batting: SHB Xavier Mercier 0-0: Called Strike
0-1: Foul Ball, location: 2F
0-2: Ball
1-2: Grounds into double play, 5-4-3 (Groundball, 5S, EV 87.5 MPH)
Batting: RHB Dave Thomas 0-0: Called Strike
0-1: Called Strike
0-2: Ball
1-2: Ball
2-2: Foul Ball, location: 2F
2-2: Foul Ball, location: 2F
2-2: Foul Ball, location: 2F
2-2: Ball
3-2: Ground out 1-3 (Groundball, 23, EV 83.8 MPH)
Top of the 5th over - 0 runs, 1 hit, 0 errors, 0 left on base; Virginia Beach 0 - Irving 0
BOTTOM OF THE 5TH
Irving Blue Sox batting - Pitching for Virginia Beach Whales : RHP Pedro López
Batting: RHB Richard Theunen 0-0: Swinging Strike
0-1: Swinging Strike
0-2: DOUBLE (Groundball, 3L, EV 107.5 MPH)
Batting: RHB Stu Taylor 0-0: Called Strike
0-1: Ball
1-1: Swinging Strike
1-2: Ball
2-2: Strikes out swinging
Batting: SHB Franck Kooijmans 0-0: Called Strike
0-1: Foul Ball, location: 2F
0-2: Ball
1-2: Ground out 4-3 (Groundball, 4, EV 86.9 MPH)
Richard Theunen to third
Batting: LHB Phil Beck 0-0: Called Strike
0-1: Ground out 4-3 (Groundball, 4, EV 86.2 MPH)
Bottom of the 5th over - 0 runs, 1 hit, 0 errors, 1 left on base; Virginia Beach 0 - Irving 0
TOP OF THE 6TH
Virginia Beach Whales batting - Pitching for Irving Blue Sox : LHP Ken French
Batting: RHB Jamal Grant 0-0: Fly out, F8 (Flyball, 8RXD, EV 103.1 MPH)
Batting: RHB Christian Patriarche 0-0: Ball
1-0: Ball
2-0: Ball
3-0: Called Strike
3-1: Swinging Strike
3-2: Base on Balls
Batting: RHB Ron Lawrence 0-0: Ball
1-0: Ball
2-0: Ball
3-0: Base on Balls
Christian Patriarche to second
Batting: RHB Eddie Neef 0-0: Ball
1-0: Foul Ball, location: 2F
1-1: SINGLE (Groundball, 56D, EV 99.4 MPH)
Christian Patriarche to third
Ron Lawrence to second
Batting: LHB Keith Pick 0-0: Called Strike
0-1: Foul Ball, location: 2F
0-2: Ball
1-2: Ball
2-2: Ball
3-2: Base on Balls
Christian Patriarche scores
Ron Lawrence to third
Eddie Neef to second
Batting: RHB David Warren 0-0: Ball
1-0: Foul Ball, location: 2F
1-1: DOUBLE (Flyball, 8RXD, EV 110.0 MPH)
Ron Lawrence scores
Eddie Neef scores
Keith Pick to third
Batting: RHB Sergio San Martín 0-0: Ball
1-0: Ground out 5-3 (Groundball, 56S, EV 82.5 MPH)
Batting: SHB Xavier Mercier 0-0: Foul Ball, location: 2F
0-1: Foul Ball, location: 2F
0-2: Strikes out swinging
Top of the 6th over - 3 runs, 2 hits, 0 errors, 2 left on base; Virginia Beach 3 - Irving 0
BOTTOM OF THE 6TH
Irving Blue Sox batting - Pitching for Virginia Beach Whales : RHP Pedro López
Batting: RHB Pat Kramer 0-0: Ball
1-0: Ball
2-0: Foul Ball, location: 2F
2-1: SINGLE (Line Drive, 7S, EV 106.9 MPH)
Batting: LHB Brenton Winston 0-0: Swinging Strike
0-1: Ball
1-1: Swinging Strike
1-2: Strikes out looking
Batting: LHB Nikolai Volkoff 0-0: Ball
1-0: Called Strike
1-1: Ball
2-1: DOUBLE (Line Drive, 7LM, EV 112.5 MPH)
Pat Kramer to third
Batting: RHB Juan Perales 0-0: Ball
1-0: Foul Ball, location: 2F
1-1: Swinging Strike
1-2: Strikes out looking
Batting: LHB António Escobeda 0-0: Fly out, F8 (Flyball, 78D, EV 90.0 MPH)
Bottom of the 6th over - 0 runs, 2 hits, 0 errors, 2 left on base; Virginia Beach 3 - Irving 0
TOP OF THE 7TH
Virginia Beach Whales batting - Pitching for Irving Blue Sox : LHP Ken French
Batting: RHB Dave Thomas 0-0: DOUBLE (Groundball, 5L, EV 103.8 MPH)
Batting: RHB Jamal Grant 0-0: Ball
1-0: Fly out, F8 (Flyball, 8LD, EV 91.9 MPH)
Batting: RHB Christian Patriarche 0-0: Swinging Strike
0-1: Ball
1-1: Called Strike
1-2: Foul Ball, location: 2F
1-2: Foul Ball, location: 2F
1-2: Foul Ball, location: 2F
1-2: Fly out, F3 (Popup, 3SF, EV 66.2 MPH)
Batting: RHB Ron Lawrence 0-0: Ball
1-0: Ball
2-0: Ball
3-0: Base on Balls
Batting: RHB Eddie Neef 0-0: Called Strike
0-1: Called Strike
0-2: SINGLE (Groundball, 6MD, EV 98.8 MPH)
Dave Thomas to third
Ron Lawrence to second
Runner from 3rd tries for Home, SAFE, no throw by CF
Batting: LHB Keith Pick 0-0: Called Strike
0-1: Called Strike
0-2: Ball
1-2: Ball
2-2: Foul Ball, location: 2F
2-2: Fielders Choice at 2nd, 6-4 (Groundball, 6, EV 85.6 MPH)
Top of the 7th over - 1 run, 2 hits, 0 errors, 2 left on base; Virginia Beach 4 - Irving 0
BOTTOM OF THE 7TH
Irving Blue Sox batting - Pitching for Virginia Beach Whales : RHP Pedro López
Pitching: RHP Ernest Howe
Batting: RHB Richard Theunen 0-0: Called Strike
0-1: Called Strike
0-2: Ball
1-2: Foul Ball, location: 2F
1-2: Strikes out swinging
Batting: RHB Stu Taylor 0-0: Ball
1-0: Called Strike
1-1: Ground out 1-3 (Groundball, 15S, EV 64.4 MPH)
Batting: SHB Franck Kooijmans 0-0: Ball
1-0: Foul Ball, location: 2F
1-1: Foul Ball, location: 2F
1-2: Ball
2-2: Ball
3-2: Foul Ball, location: 2F
3-2: Base on Balls
Batting: LHB Phil Beck 0-0: Called Strike
0-1: Called Strike
0-2: Ball
1-2: Foul Ball, location: 2F
1-2: Foul Ball, location: 2F
1-2: Fly out, F8 (Flyball, 8RS, EV 96.2 MPH)
Bottom of the 7th over - 0 runs, 0 hits, 0 errors, 1 left on base; Virginia Beach 4 - Irving 0
TOP OF THE 8TH
Virginia Beach Whales batting - Pitching for Irving Blue Sox : LHP Ken French
Pitching: LHP Harris Hopkins
Batting: RHB David Warren 0-0: Ball
1-0: Fly out, F3 (Popup, 3SF, EV 76.9 MPH)
Batting: RHB Sergio San Martín 0-0: Ball
1-0: Foul Ball, location: 2F
1-1: Foul Ball, location: 2F
1-2: Ball
2-2: Ground out 4-3 (Groundball, 4, EV 86.2 MPH)
Batting: SHB Xavier Mercier 0-0: Ball
1-0: Fly out, F3 (Popup, 34, EV 66.9 MPH)
Top of the 8th over - 0 runs, 0 hits, 0 errors, 0 left on base; Virginia Beach 4 - Irving 0
BOTTOM OF THE 8TH
Irving Blue Sox batting - Pitching for Virginia Beach Whales : RHP Ernest Howe
Batting: RHB Pat Kramer 0-0: Fly out, F4 (Popup, 4MD, EV 55.0 MPH)
Batting: LHB Brenton Winston 0-0: Called Strike
0-1: Foul Ball, location: 2F
0-2: Ball
1-2: Ball
2-2: Foul Ball, location: 2F
2-2: Fly out, F8 (Flyball, 8LD, EV 101.9 MPH)
Batting: LHB Nikolai Volkoff 0-0: Foul Ball, location: 2F
0-1: Ball
1-1: Called Strike
1-2: Ball
2-2: Ball
3-2: Ground out 4-3 (Groundball, 4, EV 85.6 MPH)
Bottom of the 8th over - 0 runs, 0 hits, 0 errors, 0 left on base; Virginia Beach 4 - Irving 0
TOP OF THE 9TH
Virginia Beach Whales batting - Pitching for Irving Blue Sox : LHP Harris Hopkins
Batting: RHB Dave Thomas 0-0: Foul Ball, location: 2F
0-1: Ball
1-1: Ball
2-1: Ball
3-1: Base on Balls
Batting: RHB Jamal Grant 0-0: Ball
1-0: Ball
2-0: Sac Bunt to 15S - play at first, batter OUT! 1-4
Dave Thomas to second
Batting: RHB Christian Patriarche 0-0: Called Strike
0-1: Foul Ball, location: 2F
0-2: Strikes out swinging
Batting: RHB Ron Lawrence 0-0: Swinging Strike
0-1: Ball
1-1: Ball
2-1: Ball
3-1: Foul Ball, location: 2F
3-2: Strikes out swinging
Top of the 9th over - 0 runs, 0 hits, 0 errors, 1 left on base; Virginia Beach 4 - Irving 0
BOTTOM OF THE 9TH
Irving Blue Sox batting - Pitching for Virginia Beach Whales : RHP Ernest Howe
Pitching: LHP Nicolaas de Jongh
Batting: RHB Juan Perales 0-0: Foul Ball, location: 2F
0-1: Ball
1-1: Ground out 4-3 (Groundball, 4MS, EV 92.5 MPH)
Batting: LHB António Escobeda 0-0: Called Strike
0-1: SINGLE (Groundball, 34D, EV 95.0 MPH)
Batting: RHB Richard Theunen 0-0: Ball
1-0: Ball
2-0: Fly out, F8 (Flyball, 8LXD, EV 110.0 MPH)
Batting: RHB Stu Taylor 0-0: Called Strike
0-1: Ball
1-1: Called Strike
1-2: Ball
2-2: Strikes out looking
Bottom of the 9th over - 0 runs, 1 hit, 0 errors, 1 left on base; Virginia Beach 4 - Irving 0
Friday, April 17th, 2020 - OOTP Baseball 20.8 Build 74